 Dungeon Crawl Stone Soup version 0.30-a0-12-gd8047c6341 (webtiles) character file.

Game seed: 13547668420377831850

1647 night the Merchant of Misery (level 8, -3/64 HPs)
             Began as a Vampire Necromancer on Aug 22, 2022.
             Was a Believer of Kikubaaqudgha.
             Slain by Pikel
             ... wielding a +2 whip of freezing
              (10 damage)
             ... on level 6 of the Dungeon on Aug 23, 2022.
             The game lasted 00:23:47 (6843 turns).

night the Merchant of Misery (Vampire Necromancer)  Turns: 6843, Time: 00:23:47

Health: -3/64      AC:  8    Str:  7    XL:     8   Next: 67%
Magic:  7/12       EV: 11    Int: 19    God:    Kikubaaqudgha [**....]
Gold:   125        SH:  0    Dex: 15    Spells: 3/12 levels left

rFire   + . .      SeeInvis +    I - +6 short sword of Eternal Vigilance {spect, rN+ SInv}
rCold   . . .      Faith    .    (no shield)
rNeg    + . .      Spirit   .    s - +1 ring mail {rPois}
rPois   +          Reflect  .    d - +0 helmet
rElec   .          Harm     .    (no cloak)
rCorr   .          Rampage  .    j - +0 pair of gloves
Will    .....                    (no boots)
Stlth   ++........               w - amulet of magic regeneration
HPRegen 0.40/turn                l - ring of wizardry
MPRegen 0.53/turn                m - ring of protection from fire

@: very slightly contaminated, healing quickly
A: alive, fangs 3, see invisible, vampiric 2
a: Exsanguinate, Renounce Religion, Unearth Wretches


You were on level 6 of the Dungeon.
You worshipped Kikubaaqudgha.
Kikubaaqudgha was pleased with you.
You visited 2 branches of the dungeon, and saw 8 of its levels.
You also visited: Sewer.

You collected 419 gold pieces.
You spent 294 gold pieces at shops.

Inventory:

Hand Weapons
 f - a +0 dagger
 h - the +4 spear of Baly {flame, rF++}
   (You found it on level 4 of the Dungeon)

   It burns those it strikes, dealing additional fire damage.
   rF:        It greatly protects you from fire.
 o - a +0 long sword
 I - the +6 short sword of Eternal Vigilance (weapon) {spect, rN+ SInv}
   (You found it on level 6 of the Dungeon)

   When its wielder attacks, the weapon's spirit leaps out and strikes again.
   The spirit shares a part of any damage it takes with its wielder.
   rN:        It protects you from negative energy.
   SInv:      It lets you see invisible.
Missiles
 i - 74 stones
 u - 2 curare-tipped darts (quivered)
 z - 7 boomerangs
 G - 8 poisoned darts
Armour
 a - a +0 robe
 d - a +0 helmet (worn)
 j - a +0 pair of gloves (worn)
 s - a +1 ring mail of poison resistance (worn)
Jewellery
 l - a ring of wizardry (left hand)
 m - a ring of protection from fire (right hand)
 t - a +6 ring of strength
 w - an amulet of magic regeneration (around neck)
 x - a ring of willpower
 A - a ring of positive energy
 D - a +6 ring of dexterity
 K - a ring of poison resistance
Wands
 n - a wand of paralysis (13)
 C - a wand of flame (24)
 E - a wand of polymorph (7)
Scrolls
 c - a scroll of immolation
 e - 3 scrolls of vulnerability
 q - 3 scrolls of butterflies
 r - 2 scrolls of blinking
 v - 4 scrolls of teleportation
 y - a scroll of brand weapon
 J - a scroll of noise {unknown}
 L - a scroll of magic mapping {unknown}
Potions
 b - 2 potions of magic
 g - 2 potions of might
 k - 2 potions of haste
 p - a potion of resistance
 B - 2 potions of mutation
 F - 5 potions of flight
 H - 2 potions of curing


   Skills:
 + Level 6.0 Fighting
 + Level 2.6 Armour
 + Level 4.4 Dodging
 - Level 3.0 Stealth
 - Level 2.9 Spellcasting
 + Level 8.6 Necromancy


You had 3 spell levels left.
You knew the following spells:

 Your Spells              Type           Power      Damage    Failure   Level
a - Necrotise             Necr           100%       1d9       1%          1
b - Animate Dead          Necr           35%        N/A       6%          4
c - Anguish               Hex/Necr       9%         N/A       32%         4

Your spell library contained the following spells:

 Spells                   Type           Power      Damage    Failure   Level
 Sublimation of Blood     Necr           35%        N/A       1%          2
 Vampiric Draining        Necr           35%        2d8       1%          3
 Sandblast                Erth           4%         2d4       21%         1
 Ensorcelled Hibernation  Hex/Ice        4%         N/A       28%         2
 Passwall                 Tmut/Erth      1%         N/A       28%         2
 Stone Arrow              Conj/Erth      4%         3d7       50%         3
 Swiftness                Air            2%         N/A       50%         3
 Agony                    Necr           35%        N/A       16%         5


Dungeon Overview and Level Annotations

Branches:
Dungeon (7/15)             Temple (1/1) D:4           Sewer (visited)

Altars:
Ashenzari
Cheibriados
Dithmenos
Hepliaklqana
Kikubaaqudgha
Makhleb
Nemelex Xobeh
Okawaru
Sif Muna
Trog
Uskayaw
Vehumet

Shops:
D:4 =?   D:6 *!=**

Annotations:
D:6 Pikel


Innate Abilities, Weirdness & Mutations

Your natural rate of healing is accelerated.
You have razor-sharp teeth.
You have supernaturally acute eyesight. (SInv)
You are afflicted with vampirism and can become a bat while bloodless.


Message History

Pikel hits you but does no damage.
You closely miss Pikel. You bite Pikel, but do no damage.
Pikel is heavily wounded.
Your +6 short sword of Eternal Vigilance {spect, rN+ SInv} hits Pikel but does no damage.
Pikel misses you.
You completely miss Pikel.
Pikel is heavily wounded.
Your +6 short sword of Eternal Vigilance {spect, rN+ SInv} misses Pikel.
Pikel barely misses you.
You barely miss Pikel.
Pikel is heavily wounded.
Your +6 short sword of Eternal Vigilance {spect, rN+ SInv} hits Pikel.
Pikel hits your +6 short sword of Eternal Vigilance {spect, rN+ SInv} with a +2 whip of freezing!
Your spectral weapon shares its damage with you!
Pikel freezes your +6 short sword of Eternal Vigilance {spect, rN+ SInv}.
Your spectral weapon shares its damage with you!
You hit Pikel.
Pikel is severely wounded.
Your +6 short sword of Eternal Vigilance {spect, rN+ SInv} closely misses Pikel.
Pikel hits you with a +2 whip of freezing!
* * * LOW HITPOINT WARNING * * *
Pikel freezes you.
* * * LOW HITPOINT WARNING * * *
You hit Pikel.
Pikel is almost dead.
Your +6 short sword of Eternal Vigilance {spect, rN+ SInv} hits Pikel.
Pikel hits you with a +2 whip of freezing.
* * * LOW HITPOINT WARNING * * *
Pikel freezes you.
* * * LOW HITPOINT WARNING * * *
Aiming: Throw Flame
Press: ? - help, Shift-Dir - straight line, f/p - Pikel
Aim: Pikel, wielding a +2 whip of freezing and wearing a +0 robe (almost dead, 60% to hit)
Okay, then.
You hit Pikel.
Pikel is almost dead.
Your +6 short sword of Eternal Vigilance {spect, rN+ SInv} hits Pikel.
Pikel hits you with a +2 whip of freezing!
You die...
Kikubaaqudgha rasps: "You have failed me!
Welcome... death!"

.####........#....##.#
....##.####..#.##.##.#######
.##.##.#
#...........ZZZZ.######
.##.##.#
#.......##.#####..ZZZZZ
.......# #..#....##.#
######## ##...###
#..#.......# # ##...#
#..#.##.#### #### #...#
#.....K...####### #...
##...######...#(@.#.#.....#
#.#.
.........###.###..#)#.....#
#.#. ............##
##.........# #.#.
.........###.###.##.......#
#.#. .#...#####
##.#.....#.....####.#.
##...# ##.#.####..>...8##...
##...# #...# #............
##...# #..#####....∩....#.#
###.## ###.#..###.......#.#


You could see Pikel and a friendly +6 short sword of Eternal Vigilance {spect,
rN+ SInv} (summoned).

Vanquished Creatures
  Grinder (D:4)
  A yak (D:6)
  Pargi (D:4)
  A centaur (D:6)
  A bullfrog (D:6)
  3 hounds
  A jelly (D:4)
  3 orc priests
  An iguana (D:6)
  A merfolk siren (Sewer)
  4 orc wizards
  A merfolk avatar (Sewer)
  Robin (D:4)
  10 adders
  A river rat (Sewer)
  A white imp (D:6)
  An ufetubus (D:4)
  2 dart slugs
  14 orcs
  8 ball pythons
  10 endoplasms
  11 giant cockroaches
  15 goblins
  11 hobgoblins
  5 jackals
  10 kobolds
  5 quokkas
  7 bats
  2 frilled lizards (Sewer)
  26 rats
159 creatures vanquished.

Vanquished Creatures (collateral kills)
  2 ogres (D:6)
  A bullfrog (D:6)
  2 scorpions
  2 hounds (D:6)
  A worm (D:3)
  2 orcs
  A giant cockroach (D:5)
  2 goblins
  2 hobgoblins
  A kobold (D:2)
  A quokka (D:5)
  A frilled lizard (Sewer)
  4 rats
22 creatures vanquished.

Vanquished Creatures (others)
  A troll (D:5)
  A black bear (D:6)
  A kobold brigand (D:6)
  A scorpion (D:5)
  A yak zombie (D:6)
  An electric eel (D:6)
  A jelly (D:5)
  An orc priest (D:4)
  An iguana (D:6)
  A kobold zombie (D:6)
  An ogre zombie (D:6)
  A hound zombie (D:6)
  An iguana zombie (D:6)
  An orc (D:6)
  A ball python (D:5)
  A giant cockroach zombie (Sewer)
  5 orc zombies
  A rat zombie (Sewer)
  4 plants (D:6)
26 creatures vanquished.

Grand Total: 207 creatures vanquished

Notes
Turn   | Place    | Note
-------+----------+-------------------------------------------
     0 | D:1      | night the Vampire Necromancer began the quest for the Orb.
     0 | D:1      | Reached XP level 1. HP: 13/13 MP: 3/3
   217 | D:1      | Reached XP level 2. HP: 20/20 MP: 1/5
   476 | D:1      | Reached skill level 1 in Fighting
  1044 | D:2      | Gained mutation: You are afflicted with vampirism and can
                  | become a bat while bloodless. [Vampire growth]
  1044 | D:2      | Reached XP level 3. HP: 26/26 MP: 3/6
  1652 | D:2      | Found a faded altar of an unknown god.
  1669 | D:2      | Reached skill level 5 in Necromancy
  1863 | D:2      | Reached XP level 4. HP: 29/29 MP: 5/8
  1869 | D:2      | Learned a level 4 spell: Animate Dead
  2314 | D:2      | Reached skill level 2 in Fighting
  2489 | D:2      | Upgraded the game from 0.30-a0-6-g7c9e10e132 to
                  | 0.30-a0-12-gd8047c6341
  3018 | D:3      | Found a radiant altar of Vehumet.
  3018 | D:3      | Found a shadowy altar of Dithmenos.
  3239 | D:4      | Noticed Pargi
  3251 | D:4      | Killed Pargi
  3252 | D:4      | Reached XP level 5. HP: 36/36 MP: 2/9
  3258 | D:4      | Found a staircase to the Ecumenical Temple.
  3268 | Temple   | Entered the Ecumenical Temple
  3280 | Temple   | Became a worshipper of Kikubaaqudgha
  3320 | D:4      | Reached skill level 6 in Necromancy
  3409 | D:4      | Reached XP level 6. HP: 13/47 MP: 7/10
  3532 | D:4      | Noticed Robin
  3558 | D:4      | Killed Robin
  3591 | D:4      | Found Neriv's Magic Scroll Boutique.
  3604 | D:4      | Bought a scroll of blinking for 82 gold pieces
  3604 | D:4      | Bought a scroll of identify for 22 gold pieces
  3609 | D:4      | Bought a scroll of identify for 22 gold pieces
  3609 | D:4      | Bought a scroll of identify for 22 gold pieces
  3792 | D:4      | Identified the +4 spear of Baly {flame, rF++}
  3812 | D:4      | Found Rugguw's Jewellery Shoppe.
  3923 | D:4      | Noticed Grinder
  3939 | D:4      | Reached * piety under Kikubaaqudgha
  3939 | D:4      | Received a gift from Kikubaaqudgha
  3949 | D:4      | Killed Grinder
  3950 | D:4      | Reached skill level 7 in Necromancy
  3950 | D:4      | Reached XP level 7. HP: 39/55 MP: 11/11
  3955 | D:4      | Learned a level 4 spell: Anguish
  4710 | D:5      | Entered Level 5 of the Dungeon
  4727 | D:5      | Found a hazy altar of Hepliaklqana.
  4838 | D:5      | Reached skill level 5 in Fighting
  4880 | D:5      | Found a snail-covered altar of Cheibriados.
  4976 | D:5      | Found a glowing drain.
  5003 | Sewer    | Entered a sewer
  5271 | Sewer    | Reached ** piety under Kikubaaqudgha
  5622 | D:5      | Found a hide-covered altar of Uskayaw.
  5624 | D:5      | Found a broken altar of Ashenzari.
  5788 | D:6      | Found Zutwof's General Store.
  5800 | D:6      | Reached skill level 1 in Armour
  5806 | D:6      | Reached skill level 8 in Necromancy
  5806 | D:6      | Reached XP level 8. HP: 48/63 MP: 12/12
  5847 | D:6      | Bought a potion of curing for 36 gold pieces
  5942 | D:6      | Found Zaofyno's Distillery.
  5957 | D:6      | Found Sipnoucopa's Jewellery Emporium.
  6118 | D:6      | Reached skill level 2 in Armour
  6325 | D:6      | HP: 2/64 [electric eel/bolt of electricity (12)]
  6524 | D:6      | Found Otausokk's General Store.
  6646 | D:6      | Found Heukk's Assorted Antiques.
  6742 | D:6      | Identified the +6 short sword of Eternal Vigilance {spect,
                  | rN+ SInv}
  6747 | D:6      | Bought a silver ring for 110 gold pieces
  6828 | D:7      | Noticed Pikel
  6842 | D:6      | HP: 8/64 [Pikel/+2 whip of freezing (6)]
  6843 | D:6      | Slain by Pikel

Illustrated notes

Levels and vault maps discovered:
D:1:      dpeg_arrival_houses_and_road, layout_loops_ring
D:2:      layout_rooms, serial_co_window_serial, co_window_corner_a,
          co_window_paths_b, co_window_corner_a, co_window_of_opportunity_a,
          co_window_paths_b, co_window_paths_a, co_window_broadway_c,
          co_window_broadway_a, co_window_broadway_a, co_window_unsneaky_path_b,
          co_window_broadway_c, co_window_paths_e, co_window_paths_d,
          glass_columns_a, shapermc_ecumenical_altar_pompeii
D:3:      layout_basic, nicolae_overflow_two_pavilions
D:4:      layout_basic, minmay_temple_entry_statues, serial_shops, shop,
          nicolae_shop_waterfront, minivault_5, uniq_pargi, uniq_grinder,
          uniq_robin
D:5:      layout_basic, mainiacjoe_overflow_chevrons,
          mainiacjoe_overflow_six_doors_small, grunt_temple_overflow_open,
          portal_sewer_entry_f
D:6:      layout_loops_cross, serial_shops, nicolae_shop_behind_doors,
          nicolae_stop_n_shop_1, nicolae_diamond_shop,
          nicolae_shop_overgrown_old_shop, shop, grunt_decor_resistance,
          serial_bayou_pond_a, dreamdust_princess_bridge
D:7:      layout_rooms, nicolae_ru_path_of_blood, grunt_decor_cap, the_hattery,
          uniq_pikel
Temple:   nicolae_temple_bog_church

Skill      XL: |  1  2  3  4  5  6  7  8 |
---------------+-------------------------+-----
Fighting       | 1 3 4 5 6 |  6.0
Necromancy     | 5 6 7 8 |  8.6
Armour         | 1 2 |  2.6
Dodging        | 3 4 |  4.4
Stealth        | |  3.0
Spellcasting   | |  2.9

Action                   |  1- 3 |  4- 6 |  7- 9 || total
-------------------------+-------+-------+-------++-------
Melee: Unarmed           |     5 |       |       ||     5
       Dagger            |    19 |    64 |       ||    83
       Bite              |     1 |    11 |    19 ||    31
       Punch             |       |     3 |     1 ||     4
       Spear             |       |    22 |   226 ||   248
       Short sword       |       |       |    13 ||    13
Throw: Dart              |       |     4 |       ||     4
 Cast: Necrotise         |    52 |    80 |    13 ||   145
       Animate Dead      |       |     3 |     4 ||     7
       Anguish           |       |       |    10 ||    10
Invok: Unearth Wretches  |       |       |     3 ||     3
 Abil: Exsanguinate      |     1 |       |       ||     1
       Revivify          |     1 |       |       ||     1
  Use: Scroll            |       |     8 |     2 ||    10
       Potion            |       |       |     1 ||     1
 Stab: Sleeping          |       |     4 |     5 ||     9
       Distracted        |       |     1 |     2 ||     3
       Paralysed         |       |       |     4 ||     4
Armor: Robe              |    15 |     3 |       ||    18
       Ring mail         |       |    50 |    92 ||   142
Dodge: Dodged            |    51 |    60 |   104 ||   215

Table legend: (Time is in decaauts)
 A = Elapsed time spent in this place.
 B = Non-inter-level travel time spent in this place.
 C = Inter-level travel time spent in this place.
 D = Time resting spent in this place.
 E = Time spent auto-exploring this place.
 F = Levels seen in this place.
 G = Mean time per level.
                   A        B        C        D        E       F      G
               +--------+--------+--------+--------+--------+-----+--------+
         Total |   6901 |   6724 |    177 |    390 |   4756 |   9 |  766.8 |
       Dungeon |   6480 |   6303 |    177 |    390 |   4604 |   7 |  925.7 |
        Temple |     23 |     23 |      0 |      0 |      4 |   1 |   23.0 |
         Sewer |    398 |    398 |      0 |      0 |    148 |   1 |  398.0 |
               +--------+--------+--------+--------+--------+-----+--------+

Top non-repeatable levels by time:
     D:4: 1593 daAuts
     D:2: 1559 daAuts
     D:6: 1122 daAuts
     D:1: 964 daAuts
     D:5: 662 daAuts
     D:3: 575 daAuts
   Sewer: 398 daAuts
  Temple: 23 daAuts
     D:7: 1 daAuts
